 Dungeon Crawl Stone Soup version 0.31-a0-704-g1016066182 (webtiles) character file.

Game seed: 9760058885023694650

50 Ordine the Ruffian (level 3, 0/23 HPs)
             Began as an Octopode Shapeshifter on Sept 9, 2023.
             Slain by a black bear (3 damage)
             ... on level 3 of the Dungeon.
             The game lasted 00:03:39 (1845 turns).

Ordine the Ruffian (Octopode Shapeshifter)          Turns: 1845, Time: 00:03:41

Health: 0/23       AC:  1    Str: 15    XL:     3   Next: 79%
Magic:  3/3        EV: 10    Int: 12    God:
Gold:   133        SH:  0    Dex: 11    Spells: 2/2 levels left

rFire   . .          .
                       - Unarmed
rCold   . . .        (no shield)
rNeg    + . .        (helmet currently unavailable)
rPois   .            (no amulet)
rElec   .            o - ring of positive energy
rCorr   .            (no ring)
SInv    .            (no ring)
Will    .....        (no ring)
Stlth   +++          (no ring)
HPRegen 0.23/turn    (no ring)
MPRegen 0.08/turn    (no ring)
                     (no ring)

%: no passive effects
@: beast-form, constricted
A: beast (slay +1), almost no armour, amphibious, 8 rings, camouflage 1,
gelatinous body 1, (nimble swimmer 1), tentacles
a: Begin Untransformation


You were on level 3 of the Dungeon.
You were a hulking beast.
You visited 1 branch of the dungeon, and saw 3 of its levels.

You collected 133 gold pieces.

Inventory:

Jewellery
 l - a +6 ring of intelligence
 o - a ring of positive energy (left tentacle)
Talismans
 b - a beast talisman (active)
 c - a flux talisman
Scrolls
 d - a scroll of poison {unknown}
 e - a scroll of enchant armour {unknown}
 g - a scroll of blinking {unknown}
 h - 5 scrolls of teleportation {unknown}
 j - a scroll of immolation {unknown}
 k - 2 scrolls of identify {unknown}
 p - a scroll of fog {unknown}
 q - a scroll of noise {unknown}
 r - a scroll of amnesia {unknown}
Potions
 a - a potion of lignification
 f - a potion of invisibility {unknown}
 i - a potion of brilliance {unknown}
 m - 2 potions of degeneration {unknown}
 n - a potion of might {unknown}


   Skills:
 + Level 1.5 Fighting
 + Level 2.3 Dodging
 + Level 1.7 Stealth
 * Level 3.7 Unarmed Combat
 + Level 3.2 Shapeshifting


You had 2 spell levels left.
You didn't know any spells.
Your spell library was empty.

Dungeon Overview and Level Annotations

Branches:
Dungeon (3/15)

Altars:


Innate Abilities, Weirdness & Mutations

You are a hulking beast.
Your limbs bulge with bestial killing power. (Slay +1)
You cannot wear most types of armour.
You are amphibious.
You can wear up to eight rings at the same time.
Your skin changes colour to match your surroundings (Stealth+).
Your rubbery body absorbs attacks. (AC +1, EV +1)
((You are camouflaged when in or above water. (Stealth+)))
You have tentacles for arms and can constrict up to eight enemies at once.


Message History

A hobgoblin is nearby!
The hobgoblin shouts!
You hear an angry growl.
A black bear comes into view.
The hobgoblin misses you.
You tentacle-slap the hobgoblin. You grab the hobgoblin.
You squeeze the hobgoblin.
You kill the hobgoblin!
A ball python comes into view.
You see here a hobgoblin corpse.
The ball python hisses angrily.
You tentacle-slap the black bear. You grab the black bear.
The black bear is lightly wounded.
You constrict the black bear, but do no damage.
The black bear barely misses you. The black bear closely misses you.
The black bear claws you.
You barely miss the black bear.
The black bear is lightly wounded.
You constrict the black bear. The black bear bites you.
The black bear claws you. x2
You tentacle-slap the black bear. You squeeze the black bear.
The black bear is heavily wounded.
You constrict the black bear. The black bear closely misses you.
The black bear claws you. x2
You tentacle-slap the black bear.
The black bear is heavily wounded.
You constrict the black bear.
The black bear bites you but does no damage.
The black bear claws you. x2
* * * LOW HITPOINT WARNING * * *
You are too injured to fight recklessly!
You are too injured to fight recklessly!
You are too injured to fight recklessly!
You tentacle-slap the black bear.
The black bear is severely wounded.
You constrict the black bear. The ball python closely misses you.
The ball python grabs you. The ball python constricts you.
The black bear barely misses you. The black bear claws you.
* * * LOW HITPOINT WARNING * * *
The black bear claws you.
You die...

#.#.# #.#.# #######.#.#
## ###.........### #.
..............#
#.#####.........#.#
#..........<....#.#
###.#..####..(.....##.##
#.....hh................
#.#.#.S#.##........#####
#..#.##........#
#..#.##........# ###
####.##........###..
#.##........##..#
#.###########..## #.#
########.###
............


You could see a black bear and a ball python.

Vanquished Creatures
  A worm (D:2)
  A dart slug (D:2)
  3 endoplasms
  3 giant cockroaches
  6 goblins
  6 hobgoblins
  4 jackals (D:1)
  A kobold (D:2)
  2 quokkas
  4 ball pythons
  3 bats
  A frilled lizard (D:1)
  3 rats
38 creatures vanquished.

Notes
Turn   | Place    | Note
-------+----------+-------------------------------------------
     0 | D:1      | Ordine the Octopode Shapeshifter began the quest for the
                  | Orb.
     0 | D:1      | Reached XP level 1. HP: 13/13 MP: 1/1
    15 | D:1      | Found a faded altar of an unknown god.
   269 | D:1      | Reached XP level 2. HP: 18/18 MP: 2/2
   335 | D:1      | Reached skill level 1 in Stealth
   734 | D:1      | Reached XP level 3. HP: 23/23 MP: 3/3
  1837 | D:3      | Noticed a black bear
  1845 | D:3      | Slain by a black bear

Illustrated notes

Levels and vault maps discovered:
D:1:      dpeg_arrival_houses_and_road, layout_loops_cross,
          dreamdust_ecumenical_altar_statues
D:2:      layout_loops_cross, st_stairs_13, grunt_ministairs_15
D:3:      layout_basic

Skill      XL: |  1  2 |
---------------+-------+-----
Stealth        | 1 |  1.7
Fighting       | |  1.5
Dodging        | |  2.3
Unarmed Combat | |  3.7
Shapeshifting  | |  3.2

Action                     || total
---------------------------++-------
  Melee: Unarmed           ||    79
         Constrict         ||    26
         Tentacles         ||    14
         Punch             ||     2
   Stab: Sleeping          ||     6
 Armour: Skin              ||    36
  Dodge: Dodged            ||    38

Table legend: (Time is in decaauts)
 A = Elapsed time spent in this place.
 B = Non-inter-level travel time spent in this place.
 C = Inter-level travel time spent in this place.
 D = Time resting spent in this place.
 E = Time spent auto-exploring this place.
 F = Levels seen in this place.
 G = Mean time per level.
                   A        B        C        D        E       F      G
               +--------+--------+--------+--------+--------+-----+--------+
         Total |   1841 |   1700 |    141 |      0 |   1433 |   3 |  613.7 |
       Dungeon |   1841 |   1700 |    141 |      0 |   1433 |   3 |  613.7 |
               +--------+--------+--------+--------+--------+-----+--------+

Top non-repeatable levels by time:
     D:1: 836 daAuts
     D:2: 827 daAuts
     D:3: 176 daAuts
